 Dungeon Crawl Stone Soup version 0.30-a0-279-g4b46babb21 (webtiles) character file.

Game seed: 1349067214721084884

682 mandarbmax the Cruncher (level 7, -2/33 (40) HPs)
             Began as a Tengu Reaver on Oct 16, 2022.
             Was an Initiate of Gozag.
             Slain by a gnoll
             ... wielding a +0 spear
              (9 damage)
             ... on level 5 of the Dungeon.
             The game lasted 00:14:18 (4607 turns).

mandarbmax the Cruncher (Tengu Reaver)              Turns: 4607, Time: 00:14:18

HP:   -2/33 (40)    AC:  4    Str: 14    XL:     7   Next: 61%
MP:   8/11          EV: 14    Int: 13    God:    Gozag
Gold: 270           SH:  0    Dex: 13    Spells: 6/10 levels left

rFire   . . .      SeeInvis .    p - +2 quarterstaff (chaos)
rCold   + . .      Faith    .    (shield currently unavailable)
rNeg    . . .      Spirit   .    b - +0 leather armour
rPois   .          Reflect  .    (helmet restricted)
rElec   .          Harm     .    o - +0 cloak
rCorr   .          Rampage  .    (no gloves)
Will    .....                    (boots unavailable)
Stlth   +.........               (no amulet)
HPRegen 0.25/turn                e - ring of wizardry
MPRegen 0.12/turn                g - ring of protection from cold

@: gold aura, flying quickly and evasively, heavily drained, quick
A: beak, talons 3, nimble flight
a: Renounce Religion, Potion Petition, Call Merchant, Bribe Branch


You were on level 5 of the Dungeon.
You worshipped Gozag.
Gozag was aware of your devotion.
You visited 2 branches of the dungeon, and saw 6 of its levels.

You collected 316 gold pieces.
You paid 46 gold pieces to Gozag.

Inventory:

Hand Weapons
 a - a +1 mace of venom
 f - a +0 dagger of speed
 p - a +2 quarterstaff of chaos (weapon)
Armour
 b - a +0 leather armour (worn)
 o - a +0 cloak (worn)
Magical Staves
 j - a staff of death
Jewellery
 e - a ring of wizardry (left hand)
 g - a ring of protection from cold (right hand)
 m - a ring of resist corrosion
 n - a ring of ice
Wands
 i - a wand of iceblast (8)
 y - a wand of digging (3)
Scrolls
 c - a scroll of magic mapping {unknown}
 d - a scroll of enchant armour {unknown}
 h - 2 scrolls of brand weapon
 r - a scroll of teleportation {unknown}
 u - a scroll of blinking {unknown}
 w - a scroll of acquirement {unknown}
Potions
 k - 2 potions of mutation
 l - a potion of curing
 q - a potion of berserk rage {unknown}
 s - a potion of magic
 t - 2 potions of ambrosia
 x - a potion of brilliance {unknown}
 z - a potion of cancellation {unknown}


   Skills:
 - Level 2.0 Fighting
 - Level 4.2(6.8) Maces & Flails
 + Level 8.3(8.8) Staves
 - Level 2.1 Dodging
 - Level 2.0 Spellcasting
 - Level 4.0 Conjurations


You had 6 spell levels left.
You knew the following spells:

 Your Spells              Type           Power      Damage    Failure   Level
a - Kiss of Death         Conj/Necr      24%        2d7       6%          1
b - Momentum Strike       Conj/Tloc      12%        3d8       9%          2
c - Necrotise             Necr           4%         1d4       13%         1

Your spell library contained the following spells:

 Spells                   Type           Power      Damage    Failure   Level
 Apportation              Tloc           2%         N/A       13%         1
 Summon Small Mammal      Summ           4%         N/A       13%         1
 Hailstorm                Conj/Ice       6%         3d4       16%         3


Dungeon Overview and Level Annotations

Branches:
Dungeon (5/15)             Temple (1/1) D:4

Altars:
Ashenzari
Cheibriados
Dithmenos
Elyvilon
Gozag
Hepliaklqana
Kikubaaqudgha
Makhleb
Nemelex Xobeh
Okawaru
Qazlal
Sif Muna
Uskayaw
Vehumet
Wu Jian
Xom
Yredelemnul
Zin
The Shining One


Innate Abilities, Weirdness & Mutations

You have a beak for a mouth.
You have claws for feet.
Your magical nature lets you fly swiftly and evasively.


Message History

Unknown command.
Unknown command.
As you read the scroll labelled VAUNOE KYOF, it crumbles to dust.
Wisps of shadow whirl around you...
It was a scroll of summoning.
A quokka comes into view.
Casting: Momentum Strike (safe; 9% risk of failure)
Confirm with . or Enter, or press ? or * to list all spells.
Aiming: Necrotise (safe; 13% risk of failure)
Press: ? - help, Shift-Dir - straight line, f - gnoll
Aim: a gnoll, wielding a +0 spear (almost dead, ally target, chance to affect: 45%)
The gnoll writhes in agony.
The gnoll closely misses you.
Unknown command.
Casting: Necrotise (safe; 13% risk of failure)
Confirm with . or Enter, or press ? or * to list all spells.
Aiming: Necrotise (safe; 13% risk of failure)
Press: ? - help, Shift-Dir - straight line, f/p - gnoll
Aim: a gnoll, wielding a +0 spear (almost dead, ally target, chance to affect: 45%)
The gnoll resists with some effort.
The gnoll hits you from afar with a +0 spear.
Unknown command.
Unknown command.
You hit the iguana.
The iguana is lightly wounded.
The gnoll closely misses you.
The iguana bites you but does no damage.
You sock the iguana!
The iguana seems to grow stronger.
You claw the iguana.
The iguana is heavily wounded.
The iguana bites you! The gnoll closely misses you.
You barely miss the iguana. You peck the iguana.
The iguana is severely wounded.
You are no longer robbed of momentum.
The iguana bites you!
* * * LOW HITPOINT WARNING * * *
The gnoll closely misses you.
You closely miss the iguana. You claw the iguana.
The iguana is almost dead.
The iguana closely misses you.
The gnoll hits you from afar with a +0 spear!
You die...
Your body crumbles into a pile of gold.

######## #......# $
#>####.# ####
####.### #... #
#......# #.##
#.#.##.#.########.##
#.#.##.#............
#.rSh..##########.#.
###@#### #.#. #l#
#...


cgg ###. .#r## #) ..... #. .. ..# #. ... ..# #. ... .... #. #. You could see a
centaur, an iguana (strong), 2 gnolls, a quokka, a friendly hound (summoned), a
friendly adder (summoned) and a friendly quokka (summoned).

Vanquished Creatures
  Grinder (D:3)
  Duvessa (D:5)
  A necrophage (D:2)
  A hound (D:4)
  Ijyb (D:3)
  2 orc wizards (D:4)
  5 gnolls
  An adder (D:3)
  A worm (D:2)
  4 dart slugs
  7 orcs
  4 endoplasms
  3 giant cockroaches (D:1)
  7 goblins
  8 hobgoblins
  3 jackals (D:4)
  2 quokkas
  5 ball pythons
  4 bats
  2 frilled lizards (D:1)
  5 kobolds
  4 rats
72 creatures vanquished.

Vanquished Creatures (others)
  Sigmund (D:3)
  Dowan (D:5)
  Crazy Yiuf (D:3)
  2 adders
  An orc (D:4)
  3 endoplasms
  A goblin (D:3)
  A hobgoblin (D:3)
  A kobold (D:3)
  3 quokkas
  2 ball pythons
  A bat (D:3)
  A frilled lizard (D:3)
19 creatures vanquished.

Grand Total: 91 creatures vanquished

Notes
Turn   | Place    | Note
-------+----------+-------------------------------------------
     0 | D:1      | mandarbmax the Tengu Reaver began the quest for the Orb.
     0 | D:1      | Reached XP level 1. HP: 12/12 MP: 4/4
   116 | D:1      | Reached XP level 2. HP: 17/17 MP: 6/6
   305 | D:1      | Found a faded altar of an unknown god.
   530 | D:1      | Reached skill level 1 in Staves
   530 | D:1      | Reached XP level 3. HP: 19/19 MP: 7/7
   772 | D:2      | You fall into a shaft and drop 1 floor!
   854 | D:2      | Noticed a necrophage
   870 | D:2      | Killed a necrophage
   871 | D:2      | Reached skill level 3 in Staves
   871 | D:2      | Reached XP level 4. HP: 15/26 MP: 8/8
  1314 | D:2      | Identified the +5 sling "Verr" {flame, rElec rCorr}
  1599 | D:2      | Reached skill level 4 in Staves
  1645 | D:2      | Gained mutation: Your magical nature lets you fly swiftly
                  | and evasively. [Tengu growth]
  1645 | D:2      | Reached XP level 5. HP: 30/30 MP: 9/9
  1648 | D:2      | Learned a level 2 spell: Momentum Strike
  2063 | D:3      | Noticed Sigmund
  2082 | D:3      | Killed Sigmund
  2083 | D:3      | Reached skill level 5 in Staves
  2435 | D:3      | Noticed Ijyb
  2451 | D:3      | Killed Ijyb
  2452 | D:3      | Reached XP level 6. HP: 9/32 MP: 5/10
  2734 | D:3      | Noticed Grinder
  2738 | D:3      | Paralysed by Grinder for 5 turns
  2763 | D:3      | Killed Grinder
  2764 | D:3      | Reached skill level 6 in Staves
  3013 | D:3      | Found a runed translucent door.
  3014 | D:3      | Noticed Crazy Yiuf
  3022 | D:3      | Killed Crazy Yiuf
  3454 | D:4      | Found a staircase to the Ecumenical Temple.
  3464 | Temple   | Entered the Ecumenical Temple
  3464 | Temple   | Found a transporter.
  3464 | Temple   | Found a transporter.
  3466 | Temple   | Found a transporter.
  3466 | Temple   | Found a transporter.
  3520 | Temple   | Became a worshipper of Gozag Ym Sagoz the Greedy
  3540 | D:4      | Reached skill level 7 in Staves
  3553 | D:4      | Reached XP level 7. HP: 27/36 MP: 8/11
  4447 | D:5      | Entered Level 5 of the Dungeon
  4450 | D:5      | Learned a level 1 spell: Necrotise
  4457 | D:5      | Noticed Duvessa
  4459 | D:5      | Noticed Dowan
  4464 | D:5      | Killed Duvessa
  4465 | D:5      | Reached skill level 8 in Staves
  4469 | D:5      | Killed Dowan
  4607 | D:5      | Slain by a gnoll

Illustrated notes

Levels and vault maps discovered:
D:1:      co_arrival_random_square_maze, layout_loops_ring,
          hellmonk_ecumenical_altar_pennies_from_heaven, minmay_pentomino_p4
D:2:      layout_basic
D:3:      layout_loops_cross, kennysheep_minor_cross, uniq_grinder, uniq_ijyb,
          uniq_crazy_yiuf_cottage, uniq_sigmund
D:4:      layout_gridville, minmay_temple_entry_metal_lava
D:5:      layout_loops_cross, serial_shops, nicolae_diamond_shop,
          kennysheep_decorative_pillar, uniq_duvessa
Temple:   hellmonk_temple_divided_pantheon

Skill      XL: |  1  2  3  4  5  6  7 |
---------------+----------------------+-----
Maces & Flails | 4 |  4.2
Staves         | 1 3 4 5 7 8 |  8.3
Fighting       | |  2.0
Dodging        | |  2.1
Spellcasting   | |  2.0
Conjurations   | |  4.0

Action                   |  1- 3 |  4- 6 |  7- 9 || total
-------------------------+-------+-------+-------++-------
Melee: Mace              |    43 |       |       ||    43
       Peck              |    20 |    11 |     6 ||    37
       Kick              |    18 |    17 |    10 ||    45
       Staff             |    41 |    64 |       ||   105
       Quarterstaff      |       |    12 |    45 ||    57
 Cast: Kiss of Death     |     1 |     3 |     2 ||     6
       Momentum Strike   |       |    25 |     7 ||    32
       Necrotise         |       |       |     4 ||     4
Evoke: Wand              |       |     2 |     2 ||     4
  Use: Potion            |     1 |     3 |       ||     4
       Scroll            |       |    10 |     1 ||    11
Armor: Leather armour    |    31 |    10 |     6 ||    47
Dodge: Dodged            |    60 |    36 |    31 ||   127

Table legend: (Time is in decaauts)
 A = Elapsed time spent in this place.
 B = Non-inter-level travel time spent in this place.
 C = Inter-level travel time spent in this place.
 D = Time resting spent in this place.
 E = Time spent auto-exploring this place.
 F = Levels seen in this place.
 G = Mean time per level.
                   A        B        C        D        E       F      G
               +--------+--------+--------+--------+--------+-----+--------+
         Total |   4416 |   4316 |    100 |    241 |   3391 |   6 |  736.0 |
       Dungeon |   4350 |   4250 |    100 |    241 |   3389 |   5 |  870.0 |
        Temple |     66 |     66 |      0 |      0 |      2 |   1 |   66.0 |
               +--------+--------+--------+--------+--------+-----+--------+

Top non-repeatable levels by time:
     D:3: 1367 daAuts
     D:2: 1159 daAuts
     D:4: 919 daAuts
     D:1: 751 daAuts
     D:5: 153 daAuts
  Temple: 66 daAuts
